 Dungeon Crawl Stone Soup version 0.29-a0-330-g52719c12eb (webtiles) character file.

Game seed: 12057447460497132196

2757 kae the Firebug (level 9, -5/70 (71) HPs)
             Began as a Demigod Fire Elementalist on Apr 22, 2022.
             Slain by a hell rat (14 damage)
             ... on level 8 of the Dungeon.
             The game lasted 00:06:28 (9661 turns).

kae the Firebug (Demigod Fire Elementalist)         Turns: 9661, Time: 00:06:29

HP:   -5/70 (71)    AC:  8    Str: 11    XL:     9   Next: 18%
MP:   17/18         EV: 14    Int: 29    God:
Gold: 486           SH:  0    Dex: 16    Spells: 7/16 levels left

rFire   . . .      SeeInvis .   f - +1 short sword
rCold   + . .      Faith    .   (no shield)
rNeg    . . .      Spirit   .   k - +0 steam dragon scales
rPois   .          Reflect  .   (no helmet)
rElec   .          Harm     .   (no cloak)
rCorr   +          Rampage  .   t - +1 pair of gloves of Cesaifos {rCorr Str+2 Dex+2}
Will    .....                   (no boots)
Stlth   +++.......              i - amulet of magic regeneration
HPRegen 0.21/turn               c - ring of protection from cold
MPRegen 0.56/turn               p - ring of wizardry

@: slowed, lightly drained, very slow
A: high MP 1, forlorn, divine attributes
a: no special abilities


You were on level 8 of the Dungeon.
You visited 1 branch of the dungeon, and saw 8 of its levels.
You also visited: Sewer.

You collected 486 gold pieces.

Inventory:

Hand Weapons
 f - a +1 short sword (weapon)
 w - the +9 mace of Purpose {antimagic, rC+ Int+3}
   (You found it on level 5 of the Dungeon)

   It reduces the magical energy of the wielder, and disrupts the spells and
   magical abilities of those it strikes.
   Natural abilities and divine invocations are not affected.
   Int:       It affects your intelligence (+3).
   rC:        It protects you from cold.
Armour
 k - +0 steam dragon scales (worn)
 m - a +2 pair of gloves
 t - the +1 pair of gloves of Cesaifos (worn) {rCorr Str+2 Dex+2}
   (You found it in a sewer)

   Str:       It affects your strength (+2).
   Dex:       It affects your dexterity (+2).
   rCorr:     It protects you from acid and corrosion.
Jewellery
 c - a ring of protection from cold (left hand)
 i - an amulet of magic regeneration (around neck)
 p - a ring of wizardry (right hand)
 x - a ring of protection from cold
 A - a ring of protection from cold
Wands
 a - a wand of digging (6)
 u - a wand of iceblast (3)
 v - a wand of mindburst (15)
 z - a wand of polymorph (10)
Scrolls
 e - 2 scrolls of magic mapping
 h - a scroll of vulnerability
 o - 2 scrolls of enchant armour
 r - 3 scrolls of teleportation
Potions
 b - a potion of magic
 d - 4 potions of degeneration
 g - a potion of lignification
 j - 4 potions of curing
 l - 2 potions of resistance
 n - 4 potions of mutation
 q - 6 potions of flight
 s - a potion of invisibility
 B - a potion of might
 C - a potion of heal wounds


   Skills:
 + Level 3.9 Fighting
 + Level 3.9 Armour
 + Level 4.4 Dodging
 + Level 4.8 Stealth
 + Level 4.1 Spellcasting
 + Level 4.2 Conjurations
 * Level 6.5 Fire Magic


You had 7 spell levels left.
You knew the following spells:

 Your Spells              Type           Power      Damage    Failure   Level
a - Foxfire               Conj/Fire      100%       2x1d9     1%          1
b - Scorch                Fire           88%        2d9       1%          2
c - Conjure Flame         Conj/Fire      37%        6-21      1%          3
d - Inner Flame           Hex/Fire       24%        N/A       2%          3

Your spell library contained the following spells:

 Spells                   Type           Power      Damage    Failure   Level
 Shock                    Conj/Air       72%        1d7       1%          1
 Animate Skeleton         Necr           10%        N/A       2%          1
 Apportation              Tloc           10%        N/A       2%          1
 Pain                     Necr           20%        1d5       2%          1
 Summon Small Mammal      Summ           20%        N/A       2%          1
 Flame Wave               Conj/Fire      37%        2d9       3%          4
 Swiftness                Air            5%         N/A       9%          3
 Airstrike                Air            2%         N/A       26%         4
 Agony                    Necr           5%         N/A       56%         5
 Excruciating Wounds      Necr           2%         N/A       56%         5


Dungeon Overview and Level Annotations

Branches:
Dungeon (8/15)             Temple (0/1) D:5           Sewer (visited)
   Lair: D:8-11

Shops:
D:4 =

Annotations:
D:3 1 runed translucent door, Ajdolov's ghost, amateur OgAE


Innate Abilities, Weirdness & Mutations

You have an increased reservoir of magic. (+10% MP)
You shall have no god before yourself.
Your divine heritage dramatically boosts your attributes as you level up.


Message History

You are no longer poisoned.
The foxfire hits the kobold.
The kobold is heavily wounded.
The foxfire hits the kobold but does no damage.
The kobold is heavily wounded.
Casting: Foxfire (safe; 1% risk of failure)
Confirm with . or Enter, or press ? or * to list all spells.
You conjure some foxfire!
A kobold comes into view. It is wielding a +0 club.
The foxfire hits the kobold.
You kill the kobold!
The foxfire hits the kobold but does no damage.
Casting: Foxfire (safe; 1% risk of failure)
Confirm with . or Enter, or press ? or * to list all spells.
You conjure some foxfire!
A hell rat comes into view.
The foxfire hits the kobold but does no damage. x2
The kobold barely misses you.
Casting: Foxfire (safe; 1% risk of failure)
Confirm with . or Enter, or press ? or * to list all spells.
You conjure some foxfire!
The kobold hits you with a +0 short sword.
The hell rat bites you.
The foxfire hits the kobold.
The kobold is moderately wounded.
The kobold barely misses you.
The foxfire hits the hell rat but does no damage.
The hell rat bites you!
* * * LOW HITPOINT WARNING * * *
The kobold hits you but does no damage. The hell rat closely misses you.
Casting: Foxfire (safe; 1% risk of failure)
Confirm with . or Enter, or press ? or * to list all spells.
Flames lash the kobold.
You kill the kobold!
The kobold misses you. The hell rat bites you.
* * * LOW HITPOINT WARNING * * *
You feel drained. The kobold closely misses you. The hell rat bites you!
* * * LOW HITPOINT WARNING * * *
The hell rat bites you!
You die...

#............#
#............#
#............#
#............#
#........)...#
#............#
#.....)K.....#
#.....@r.....#
................
#####.######....
#. ... # #


You could see a hell rat and a kobold.

Vanquished Creatures
  An unseen horror (D:7)
  A troll (D:6)
  2 steam dragons
  A water moccasin (D:6)
  An ice beast (D:6)
  A black bear (D:4)
  An ogre (D:4)
  3 centaurs
  2 kobold brigands (D:8)
  2 bullfrogs
  3 scorpions
  3 necrophages
  4 hounds
  2 orc priests
  3 iguanas
  6 orc wizards
  A merfolk siren (Sewer)
  A merfolk avatar (Sewer)
  A gnoll (D:5)
  11 adders
  2 river rats (Sewer)
  2 shadow imps (D:7)
  4 worms
  A dart slug (D:2)
  23 orcs
  6 bats
  13 endoplasms
  4 giant cockroaches
  9 goblins
  10 hobgoblins
  8 jackals
  12 kobolds
  6 quokkas
  13 ball pythons
  14 frilled lizards
  28 rats
205 creatures vanquished.

Vanquished Creatures (others)
  2 orcs (D:7)
  642 foxfires
  2 plants (D:5)
  10 toadstools (D:8)
656 creatures vanquished.

Grand Total: 861 creatures vanquished

Notes
Turn   | Place    | Note
-------+----------+-------------------------------------------
     0 | D:1      | kae the Demigod Fire Elementalist began the quest for the
                  | Orb.
     0 | D:1      | Reached XP level 1. HP: 14/14 MP: 5/5
    40 | D:1      | Reached skill level 1 in Conjurations
   585 | D:1      | Reached XP level 2. HP: 20/20 MP: 4/7
   697 | D:1      | Learned a level 2 spell: Scorch
  1370 | D:1      | Reached skill level 3 in Fire Magic
  1683 | D:1      | Reached XP level 3. HP: 14/27 MP: 0/8
  2054 | D:2      | Reached skill level 1 in Armour
  2256 | D:2      | Reached XP level 4. HP: 16/34 MP: 3/9
  3030 | D:3      | Learned a level 3 spell: Conjure Flame
  3215 | D:3      | Found a runed translucent door.
  3388 | D:3      | Noticed Ajdolov's ghost (amateur OgAE)
  3517 | D:3      | Reached skill level 1 in Fighting
  3933 | D:4      | Noticed an ogre
  3990 | D:4      | Reached XP level 5. HP: 23/40 MP: 4/11
  4086 | D:4      | Found a glowing drain.
  4097 | Sewer    | Entered a sewer
  4398 | Sewer    | Reached XP level 6. HP: 47/47 MP: 12/12
  4468 | Sewer    | Identified the +1 pair of gloves of Cesaifos {rCorr Str+2
                  | Dex+2}
  4493 | D:4      | Learned a level 3 spell: Inner Flame
  4611 | D:4      | Reached skill level 4 in Fire Magic
  5095 | D:4      | Reached XP level 7. HP: 50/55 MP: 11/14
  5383 | D:4      | Found Tevih's Jewellery Boutique.
  5488 | D:5      | Entered Level 5 of the Dungeon
  5982 | D:5      | Reached skill level 5 in Fire Magic
  5985 | D:5      | Identified the +9 mace of Purpose {antimagic, rC+ Int+3}
  6370 | D:5      | Found a staircase to the Ecumenical Temple.
  6837 | D:6      | Noticed a troll
  6876 | D:6      | Killed a troll
  6877 | D:6      | Reached XP level 8. HP: 63/63 MP: 8/16
  6935 | D:6      | HP: 1/63 [steam dragon (3)]
  7573 | D:7      | Reached skill level 6 in Fire Magic
  7597 | D:7      | Killed an unseen horror
  8306 | D:7      | Reached XP level 9. HP: 61/71 MP: 14/18
  9537 | D:8      | Noticed a five-headed hydra
  9661 | D:8      | Slain by a hell rat

Illustrated notes

Levels and vault maps discovered:
D:1:      amcnicky_arrival_abandoned_market, layout_basic
D:2:      layout_basic, hellmonk_ecumenical_altar_heavens_door, basic_altar,
          corner_web_ring, kennysheep_generic_room_2
D:3:      layout_basic, hellmonk_ghost_happy_afterlife, corexii_leaking_fountain
D:4:      minmay_chambers_of_fours, layout_loops_cross,
          nicolae_ru_sacrificial_ziggurat, portal_sewer_entry_e, serial_shops,
          shop_fountains, wad_floor_pattern_untrapped
D:5:      layout_basic, overflow_temple_1_default,
          minmay_temple_entry_antechambers, st_stairs_1, serial_bayou_pond_d
D:6:      layout_rooms, minivault_11
D:7:      layout_basic, lemuel_flamethrower_2
D:8:      minmay_curly_fans, layout_basic, tgw_fedhas,
          grunt_temple_overflow_open, dpeg_lair_monsters, serial_shops,
          nicolae_shop_advertising_works [nicolae_subvault_shop_adworks],
          interstate_on_off

Skill      XL: |  1  2  3  4  5  6  7  8  9 |
---------------+----------------------------+-----
Conjurations   | 1 2 3 4 |  4.2
Stealth        | 2 3 4 |  4.8
Fire Magic     | 3 4 5 6 |  6.5
Dodging        | 2 3 4 |  4.4
Spellcasting   | 2 3 4 |  4.1
Armour         | 1 2 3 |  3.9
Fighting       | 1 2 3 |  3.9

Action                   |  1- 3 |  4- 6 |  7- 9 || total
-------------------------+-------+-------+-------++-------
Melee: Unarmed           |    25 |       |       ||    25
       Short sword       |       |     9 |       ||     9
 Cast: Foxfire           |    88 |   179 |   126 ||   393
       Scorch            |     9 |    33 |    65 ||   107
       Conjure Flame     |       |       |     4 ||     4
  Use: Potion            |     1 |       |     2 ||     3
       Scroll            |       |    16 |     5 ||    21
Armor: Robe              |    18 |    10 |    13 ||    41
       Steam dragon scal |       |       |     2 ||     2
Dodge: Dodged            |    66 |    38 |    63 ||   167

Table legend: (Time is in decaauts)
 A = Elapsed time spent in this place.
 B = Non-inter-level travel time spent in this place.
 C = Inter-level travel time spent in this place.
 D = Time resting spent in this place.
 E = Time spent auto-exploring this place.
 F = Levels seen in this place.
 G = Mean time per level.
                   A        B        C        D        E       F      G
               +--------+--------+--------+--------+--------+-----+--------+
         Total |   9712 |   9366 |    346 |    394 |   7336 |   9 | 1079.1 |
       Dungeon |   9287 |   8941 |    346 |    394 |   7105 |   8 | 1160.9 |
         Sewer |    424 |    424 |      0 |      0 |    230 |   1 |  424.0 |
               +--------+--------+--------+--------+--------+-----+--------+

Top non-repeatable levels by time:
     D:1: 1858 daAuts
     D:7: 1709 daAuts
     D:5: 1261 daAuts
     D:2: 1168 daAuts
     D:4: 1146 daAuts
     D:3: 932 daAuts
     D:6: 821 daAuts
   Sewer: 424 daAuts
     D:8: 389 daAuts
